 Dungeon Crawl Stone Soup version 0.27.0-1-g7a089689b8 (webtiles) character file.

Game seed: 14007945371326404693

100 Gunterle the Sneak (level 4, -1/34 (35) HPs)
             Began as a Vampire Delver on Aug 10, 2021.
             Slain by a wight (6 damage)
             ... on level 4 of the Dungeon.
             The game lasted 00:04:05 (647 turns).

Gunterle the Sneak (Vampire Delver)                  Turns: 647, Time: 00:04:06

HP:   -1/34 (35)    AC:  3    Str: 11    XL:     4   Next: 47%
MP:   4/4           EV: 12    Int: 13    God:
Gold: 35            SH:  0    Dex: 15    Spells: 3/3 levels left

rFire    . . .     SeeInvis +   a - +0 short sword
rCold    . . .     Faith    .   (no shield)
rNeg     . . .     Spirit   .   b - +0 leather armour
rPois    .         Reflect  .   (no helmet)
rElec    .         Harm     .   (no cloak)
rCorr    .         Rampage  .   (no gloves)
Will     .....                  (no boots)
Stlth    ++++......             (no amulet)
HPRegen  0.31/turn              (no ring)
MPRegen  0.09/turn              (no ring)

@: healing quickly, lightly drained
A: alive, fangs 3, see invisible, vampiric 2
a: Exsanguinate


You were on level 4 of the Dungeon.
You visited 1 branch of the dungeon, and saw 3 of its levels.

You collected 35 gold pieces.

Inventory:

Hand Weapons
 a - a +0 short sword (weapon)
 l - a +0 dagger
Armour
 b - a +0 leather armour (worn)
Wands
 g - a wand of digging (3)
Scrolls
 c - a scroll of fog
 d - a scroll of magic mapping
 e - a scroll of fear
 i - 2 scrolls of teleportation {unknown}
 j - a scroll of identify {unknown}
 m - a scroll of vulnerability {unknown}
Potions
 f - a potion of haste
 h - 3 potions of curing {unknown}
 k - 2 potions of brilliance {unknown}


   Skills:
 + Level 3.1 Fighting
 * Level 3.5 Short Blades
 + Level 1.0 Armour
 + Level 2.9 Dodging
 + Level 7.8 Stealth


You had 3 spell levels left.
You didn't know any spells.
Your spell library was empty.

Dungeon Overview and Level Annotations

Branches:
Dungeon (5/15)
 Temple: D:4-7

Altars:

Annotations:
D:4 exclusions: orc, two-headed ogre and wight
D:5 exclusions: bullfrog and zombie


Innate Abilities, Weirdness & Mutations

Your natural rate of healing is accelerated.
You have razor-sharp teeth.
You have supernaturally acute eyesight. (SInv)
You are afflicted with vampirism and can become a bat while bloodless.


Message History

A two-headed ogre comes into view. It is wielding two +0 giant clubs.
A kobold comes into view.
It is wielding a +0 club and wearing the +2 leather armour of Ovoss {rF+ rN+ Str+3 Dex+2}.
The kobold shouts!
A wight comes into view. It is wielding a +3 dire flail.
You hit the kobold but do no damage. The kobold barely misses you.
You hit the kobold but do no damage. The kobold barely misses you.
The kobold throws a stone.
The stone closely misses you.
The kobold throws a stone.
The stone hits you but does no damage.
Found a stone staircase leading up.
a - a +0 short sword (weapon)
Unknown command.
The kobold throws a stone.
The stone hits you but does no damage.
The kobold throws a stone.
The stone misses you.
Found 10 gold pieces.
There is a stone staircase leading up here.
You hit the kobold. Your bite misses the kobold.
The kobold is severely wounded.
The kobold hits you with a +0 club.
You hit the kobold.
You kill the kobold!
The wight hits you with a +3 dire flail!
Items here: ! $ ( ) ? [ †.
You hit the wight but do no damage. The wight completely misses you.
You hit the wight.
The wight is lightly damaged.
The wight closely misses you.
You barely miss the wight.
The wight is lightly damaged.
The wight hits you with a +3 dire flail!
* * * LOW HITPOINT WARNING * * *
You feel drained.
* * * LOW HITPOINT WARNING * * *
You are too injured to fight recklessly!
You are too injured to fight recklessly!
You are too injured to fight recklessly!
You are too injured to fight recklessly!
You are too injured to fight recklessly!
There is a stone staircase leading up here.
The wight hits you with a +3 dire flail.
You die...

.######.######
.........z...#
#######.####.#
z
#######.####.#
.8
....z..z...#.#
..
.........#.#.#
.. #######..#
#)# .. #..#
#z# ## #..#
#@# # ##.#...#
# .....##
#$.##. #..##.
# #. .. ##


You could see a wight.

Vanquished Creatures
  A scorpion (D:5)
  A jelly (D:4)
  A dart slug (D:4)
  An orc (D:4)
  A ball python (D:3)
  2 jackals (D:5)
  A goblin (D:4)
  A jackal skeleton (D:4)
  3 kobolds (D:4)
12 creatures vanquished.

Notes
Turn   | Place    | Note
-------+----------+-------------------------------------------
     0 | D:5      | Gunterle the Vampire Delver began the quest for the Orb.
     0 | D:5      | Reached XP level 1. HP: 17/17 MP: 1/1
    27 | D:5      | Noticed a scorpion
    30 | D:5      | Killed a scorpion
    31 | D:5      | Reached XP level 2. HP: 15/24 MP: 2/2
    31 | D:5      | Gained mutation: You are afflicted with vampirism and can
                  | become a bat while bloodless. [Vampire growth]
    31 | D:5      | Reached XP level 3. HP: 18/29 MP: 3/3
   132 | D:5      | Noticed a centaur warrior zombie
   160 | D:5      | Noticed a bullfrog
   501 | D:4      | Reached XP level 4. HP: 35/35 MP: 4/4
   524 | D:4      | Reached skill level 1 in Armour
   539 | D:4      | Noticed a two-headed ogre
   615 | D:4      | Identified the +2 leather armour of Ovoss {rF+ rN+ Str+3
                  | Dex+2}
   647 | D:4      | Slain by a wight

Illustrated notes

Levels and vault maps discovered:
D:3:      layout_basic, uniq_sigmund
D:4:      layout_loops_ring, minmay_temple_entry_statues_fountains,
          serial_shops, kennysheep_mini_moat, hangedman_decor_points,
          uniq_eustachio
D:5:      layout_basic, lemuel_coloured_pillars_altar

Skill      XL: |  1  2  3  4 |
---------------+-------------+-----
Fighting       | 3 |  3.1
Short Blades   | 3 |  3.5
Armour         | 1 |  1.0
Dodging        | |  2.9
Stealth        | |  7.8

Action                   |  1- 3 |  4- 6 || total
-------------------------+-------+-------++-------
Melee: Short sword       |    19 |     5 ||    24
       Bite              |     2 |       ||     2
       Dagger            |     3 |     4 ||     7
 Stab: Sleeping          |     5 |     2 ||     7
Armor: Leather armour    |     4 |     2 ||     6
Dodge: Dodged            |    12 |     6 ||    18
